 Dungeon Crawl Stone Soup version 0.21.1-1-g345015fe64 (webtiles) character file.

46 Mrkan the Sneak (level 3, 0/16 HPs)
             Began as a Spriggan Enchanter on May 4, 2018.
             Slain by a worm (10 damage)
             ... on level 2 of the Dungeon.
             The game lasted 00:06:42 (2623 turns).

Mrkan the Sneak (Spriggan Enchanter)                Turns: 2623, Time: 00:06:42

Health: 0/16       AC:  2    Str:  4    XL:     3   Next: 46%
Magic:  8/8        EV: 19    Int: 16    God:
Gold:   67         SH:  0    Dex: 17    Spells: 1/8 levels left

rFire    . . .     SeeInvis +   a - +1 dagger
rCold    . . .     Gourm    .   (shield restricted)
rNeg     . . .     Faith    .   b - +0 robe
rPois    .         Spirit   .   (helmet restricted)
rElec    .         Reflect  .   (no cloak)
rCorr    .         Harm     .   (gloves unavailable)
MR       .....                  (boots unavailable)
Stlth    +++.......             (no amulet)
HPRegen  0.05/turn              (no ring)
MPRegen  0.11/turn              (no ring)

@: very quick
A: very small, unfitting armour, see invisible, herbivore, speed 3, slow
metabolism 2
a: no special abilities


You were on level 2 of the Dungeon.
You were not hungry.

You visited 1 branch of the dungeon, and saw 2 of its levels.

You collected 67 gold pieces.

Inventory:

Hand Weapons
 a - a +1 dagger (weapon)
Armour
 b - a +0 robe (worn)
Scrolls
 e - 2 scrolls of amnesia {unknown}
 g - 2 scrolls of identify {unknown}
 i - 3 scrolls of remove curse {unknown}
 j - a scroll of magic mapping {unknown}
 k - a scroll of immolation {unknown}
 m - a scroll of fear {unknown}
 n - a scroll of random uselessness {unknown}
Potions
 f - a potion of brilliance {unknown}
 h - a potion of magic {unknown}
 l - 2 potions of invisibility {unknown}
 o - a potion of mutation {unknown}
Books
 c - a book of Maledictions

   Spells                             Type                      Level
   a - Corona                         Hexes                        1
   b - Ensorcelled Hibernation        Hexes/Ice                    2
   c - Confuse                        Hexes                        3
   d - Tukima's Dance                 Hexes                        3
   e - Dazzling Spray                 Conjuration/Hexes            3
Comestibles
 d - 4 rations


   Skills:
 * Level 2.1 Short Blades
 + Level 3.4 Dodging
 + Level 5.0 Stealth
 + Level 3.1 Spellcasting
 + Level 4.1 Hexes


You had one spell level left.
You knew the following spells:

 Your Spells              Type           Power        Failure   Level  Hunger
a - Corona                Hex            ###....      3%          1    None
b - Confuse               Hex            ###.....     10%         3    ###....
c - Tukima's Dance        Hex            ###.....     10%         3    ###....


Dungeon Overview and Level Annotations

Branches:
Dungeon (2/15)

Altars:
Trog


Innate Abilities, Weirdness & Mutations

You are very small and have problems with some larger weapons.
You are too small for most types of armour.
You have supernaturally acute eyesight. (SInv)
You are a herbivore.
You cover ground extremely quickly.
You need consume almost no food.


Message History

Found a stone staircase leading up.
The worm bites you!
There is a stone staircase leading up, spattered with blood here.
You hit the worm.
The worm is lightly wounded.
You hit the worm.
The worm is lightly wounded.
The worm misses you.
You hit the worm but do no damage.
The worm is lightly wounded.
You hit the worm.
The worm is moderately wounded.
The worm misses you.
You hit the worm.
The worm is moderately wounded.
You hit the worm.
The worm is moderately wounded.
The worm bites you!
Ouch! That really hurt!
You die...

#.# . #.#
.. #.# #K
##.##
..##...##
......###.#
#w.......#
#@# #.####
#....#
####.# #
#.# #. #.#
#. #.#
#.#######.#
#.........#


You could see a worm and a kobold (wandering).

Vanquished Creatures
  An ooze (D:1)
  4 dart slugs
  A ball python (D:1)
  A giant cockroach (D:1)
  2 goblins (D:1)
  4 hobgoblins (D:1)
  4 jackals (D:1)
  5 bats (D:1)
  2 frilled lizards (D:1)
  A kobold (D:1)
  10 rats (D:1)
35 creatures vanquished.

Notes
Turn   | Place    | Note
-------+----------+-------------------------------------------
     0 | D:1      | Mrkan the Spriggan Enchanter began the quest for the Orb.
     0 | D:1      | Reached XP level 1. HP: 9/9 MP: 5/5
   501 | D:1      | Reached XP level 2. HP: 13/13 MP: 7/7
  1492 | D:1      | Reached XP level 3. HP: 16/16 MP: 8/8
  1505 | D:1      | Reached skill level 5 in Stealth
  1627 | D:1      | Learned a level 3 spell: Confuse
  1631 | D:1      | Learned a level 3 spell: Tukima's Dance
  2243 | D:2      | Found a bloodstained altar of Trog.
  2623 | D:2      | Slain by a worm

Skill      XL: |  1  2  3 |
---------------+----------+-----
Spellcasting   | 3 |  3.1
Hexes          | 4 |  4.1
Stealth        | 5 |  5.0
Short Blades   | 2 |  2.1
Dodging        | |  3.4

Action                   || total
-------------------------++-------
Melee: Dagger            ||   184
 Cast: Corona            ||     7
 Stab: Sleeping          ||     7
Armor: Robe              ||    17
Dodge: Dodged            ||   132
